 Dungeon Crawl Stone Soup version 0.31.0-12-g77e489cdc1 (webtiles) character file.

Game seed: 484767620892530008

13147 cdecastro the Thaumaturge (level 11, -2/63 HPs)
             Began as a Deep Elf Fire Elementalist on Feb 16, 2024.
             Was an Elder of Lugonu.
             Hit by a javelin thrown by a minotaur (28 damage)
             ... in a Gauntlet on Feb 17, 2024.
             The game lasted 00:46:50 (14296 turns).

cdecastro the Thaumaturge (DEFE)                   Turns: 14296, Time: 00:46:51

Health: -2/63      AC: 14    Str: 13    XL:     11   Next: 71%
Magic:  21/36      EV: 16    Int: 31    God:    Lugonu [****..]
Gold:   601        SH:  0    Dex: 15    Spells: 4/30 levels left

rFire   + . .        J - +11 mace "Visont" {heavy, *Rage +Blink MP+9 Str+8}
rCold   . . .        (no shield)
rNeg    . . .        r - +3 leather armour of Tikhlu Just {Regen+}
rPois   .            K - +1 hat of the Guild-Master {rCorr}
rElec   .            x - scarf "Hiublyepyth" {shadows, rF+}
rCorr   +            S - +1 pair of gloves {Stlth+}
SInv    .            s - +0 pair of boots
Will    +....        i - amulet of the acrobat
Stlth   +++          n - +6 ring of intelligence
HPRegen 1.10/turn    P - +4 ring of protection
MPRegen 0.25/turn

%: no teleportation, random rage (20%), acrobat
@: brilliant
A: no striking features
a: Renounce Religion, Evoke Blink, Depart the Abyss, Banish, Corrupt


You were in a Gauntlet.
You worshipped Lugonu.
Lugonu was greatly pleased with you.
You visited 2 branches of the dungeon, and saw 12 of its levels.
You also visited: Ossuary and Gauntlet.

You collected 601 gold pieces.

Inventory:

Hand Weapons
 h - a +3 dagger of venom
 y - a +1 short sword of freezing
 J - the +11 mace "Visont" (weapon) {heavy, *Rage +Blink MP+9 Str+8}
   (You found it on level 8 of the Dungeon)

   Str+8:     It affects your strength (+8).
   MP+9:      It affects your magic capacity (+9).
   +Blink:    It lets you blink.
   *Rage:     It berserks you when you make melee attacks (+20% chance).
Armour
 a - a +0 cloak of stealth
 m - a +1 leather armour of fire resistance
 r - the +3 leather armour of Tikhlu Just (worn) {Regen+}
   (You found it on level 2 of the Dungeon)

   Regen+:    It increases your rate of health regeneration.
 s - a +0 pair of boots (worn)
 x - the scarf "Hiublyepyth" (worn) {shadows, rF+}
   (You found it in a Gauntlet)

   rF+:       It protects you from fire.
 K - the +1 hat of the Guild-Master (worn) {rCorr}
   (You found it in a Gauntlet)

   rCorr:     It protects you from acid and corrosion.
 S - a +1 pair of gloves of stealth (worn)
Magical Staves
 H - a staff of air
Jewellery
 i - an amulet of the acrobat (around neck)
 n - a +6 ring of intelligence (left hand)
 t - a ring of willpower
 A - a ring of resist corrosion
 B - an amulet of faith
 L - the ring "Biluonu" {rF- rN+ Str+4 SInv}
   (You found it in a Gauntlet)

   [ring of see invisible]

   Str+4:     It affects your strength (+4).
   rF-:       It makes you vulnerable to fire.
   rN+:       It protects you from negative energy.
   SInv:      It lets you see invisible.
 P - a +4 ring of protection (right hand)
Wands
 z - a wand of polymorph (18)
 Q - a wand of paralysis (6)
Scrolls
 d - 2 scrolls of torment {unknown}
 g - 3 scrolls of amnesia {unknown}
 j - 4 scrolls of poison {unknown}
 k - 4 scrolls of teleportation
 l - a scroll of fear {unknown}
 u - 4 scrolls of enchant armour {unknown}
 v - 2 scrolls of fog {unknown}
 w - a scroll of noise {unknown}
 C - a scroll of enchant weapon {unknown}
 E - 2 scrolls of vulnerability {unknown}
 F - 3 scrolls of blinking {unknown}
 I - 3 scrolls of revelation {unknown}
 M - 2 scrolls of immolation
 N - a scroll of brand weapon {unknown}
Potions
 b - 3 potions of magic
 c - 3 potions of brilliance
 e - a potion of invisibility {unknown}
 f - 4 potions of might
 o - 2 potions of cancellation
 p - 3 potions of mutation
 q - 2 potions of lignification
 D - a potion of enlightenment {unknown}
 G - 4 potions of curing
 O - 3 potions of attraction
 R - a potion of haste {unknown}


   Skills:
 - Level 5.0 Fighting
 - Level 10.0 Dodging
 - Level 2.4 Stealth
 - Level 10.0 Spellcasting
 - Level 10.0 Conjurations
 - Level 8.4 Fire Magic
 + Level 9.6 Invocations


You had 4 spell levels left.
You knew the following spells:

 Your Spells              Type           Power      Damage    Failure   Level
a - Foxfire               Conj/Fire      100%       2x1d9     1%          1
b - Scorch                Fire           100%       2d9       1%          2
c - Inner Flame           Hex/Fire       58%        N/A       2%          3
d - Volatile Blastmotes   Fire/Tloc      100%       2d18      2%          3
e - Flame Wave            Conj/Fire      83%        2d18      1%          4
f - Stone Arrow           Conj/Erth      100%       3d13      1%          3
g - Brom's Barrelling Bo  Conj/Erth      63%        2d8       5%          4
h - Bombard               Conj/Erth      31%        9d6       63%         6

Your spell library contained the following spells:

 Spells                   Type           Power      Damage    Failure   Level
 Kiss of Death            Conj/Necr      100%       2d13      1%          1
 Static Discharge         Conj/Air       100%       3-8/arc   1%          2
 Necrotise                Necr           92%        1d8       4%          1
 Sandblast                Erth           46%        2d11      4%          1
 Slow                     Hex            92%        N/A       4%          1
 Lesser Beckoning         Tloc           46%        N/A       6%          2
 Confusing Touch          Hex            23%        N/A       12%         3
 Gell's Gravitas          Tloc           23%        N/A       12%         3
 Passwall                 Erth           23%        N/A       12%         3
 Sigil of Binding         Hex            23%        N/A       12%         3
 Teleport Other           Tloc           23%        N/A       12%         3
 Vampiric Draining        Necr           23%        2d7       12%         3
 Airstrike                Air            11%        2d(2-18)  38%         4
 Dispel Undead            Necr           23%        3d12      38%         4
 Leda's Liquefaction      Alch/Erth      11%        N/A       38%         4
 Martyr's Knell           Necr/Summ      23%        N/A       38%         4
 Summon Lightning Spire   Summ/Air       23%        N/A       38%         4
 Curse of Agony           Necr           23%        N/A       75%         5
 Lee's Rapid Deconstruct  Erth           11%        3d8*      75%         5


Dungeon Overview and Level Annotations

Branches:
Dungeon (11/15)            Temple (1/1) D:4            Lair (0/5) D:10
    Orc (0/2) D:10        Ossuary (visited)         Gauntlet (1/1)

Altars:
Ashenzari
Cheibriados
Dithmenos
Elyvilon
Fedhas
Gozag
Hepliaklqana
Kikubaaqudgha
Nemelex Xobeh
Okawaru
Qazlal
Ru
Sif Muna
Trog
Uskayaw
Vehumet
Wu Jian
Xom
Yredelemnul
Zin
The Shining One
Lugonu

Annotations:
D:4 1 runed translucent door, Crazy Yiuf
D:5 1 runed translucent door, AbbaRin's ghost, amateur DECj
D:6 Maggie; Pikel Gauntlet 6 transporters, corrupted


Message History

The minotaur is knocked back.
Unknown command.
Casting: Brom's Barrelling Boulder (dangerous; 5% risk of failure)
Confirm with . or Enter, or press ? or * to list all spells.
Aiming: Brom's Barrelling Boulder (dangerous; 5% risk of failure)
Press: ? - help, Dir - move target, f/p - minotaur
Aim: a minotaur, wielding a +0 bardiche, wearing a +2 ring mail of willpower and quivering javelins (moderately wounded, ally target, 100% to hit)
You feel a surge of power!
You send a boulder barrelling forward!
Your boulder crumbles as it rolls away.
Unknown command.
The minotaur throws a javelin.
The javelin completely misses your boulder.
The javelin pierces through you but does no damage.
Unknown command.
Casting: Brom's Barrelling Boulder (dangerous; 5% risk of failure)
Confirm with . or Enter, or press ? or * to list all spells.
Aiming: Brom's Barrelling Boulder (dangerous; 5% risk of failure)
Press: ? - help, Dir - move target, f/p - minotaur
Aim: a minotaur, wielding a +0 bardiche, wearing a +2 ring mail of willpower and quivering javelins (moderately wounded, ally target, 100% to hit)
You feel a surge of power!
You send a boulder barrelling forward!
The boulder barrels into the minotaur!
The minotaur is knocked back.
Unknown command.
The boulder barrels into the minotaur!
Your boulder crumbles as it rolls away.
Unknown command.
Found a gate leading back out of this place.
Unknown command.
Casting: Brom's Barrelling Boulder (dangerous; 5% risk of failure)
Confirm with . or Enter, or press ? or * to list all spells.
Aiming: Brom's Barrelling Boulder (dangerous; 5% risk of failure)
Press: ? - help, Dir - move target, f/p - minotaur
Aim: a minotaur, wielding a +0 bardiche, wearing a +2 ring mail of willpower and quivering javelins (moderately wounded, ally target, 100% to hit)
You feel a surge of power!
You send a boulder barrelling forward!
The boulder barrels into the minotaur!
The minotaur is heavily wounded.
The minotaur is knocked back.
The minotaur throws a javelin.
The javelin pierces through your boulder!
The javelin pierces through your boulder!!
The javelin pierces through you!!
You die...

#≈8≈#..##...
########...#..#....
#........8.####.#.#
##.##.###.....©#.###
#8........8.####....
#.....#.#...#..#.#."
########.#.#.8.#..#####
8[8?8.8#...#...#≈......
H*☼○○*@'.###.8.#§§.....
8}8[8.8#...#...#≈§.....
########.#.#.8.#..#####
#.....#.#...#..##.[.
#8........8.####.#..
##.##.###.....©#k.#○
#........8.####Z..#
########§§.#..#....
#≈8≈#..#...#


You could see a minotaur (ally target) and 2 friendly boulders.

Vanquished Creatures
  Gastronok (D:8)
  4 two-headed ogres
  A deep elf pyromancer (D:9)
  3 centaur zombies (Gauntlet)
  A torpor snail (Gauntlet)
  2 trolls
  A hornet (D:9)
  2 vampires
  2 shadows (D:10)
  2 wyverns
  A ynoxinul (Gauntlet)
  A steam dragon (D:9)
  2 vampire mosquitoes (D:11)
  Menkaure (D:6)
  An acid dragon (D:10)
  Duvessa (D:6)
  5 water moccasins
  2 sky beasts (D:7)
  3 orc warriors
  An ice beast (D:8)
  4 ogres
  9 wolves
  3 centaurs
  A lemure (D:5)
  2 gnoll sergeants
  4 kobold brigands
  5 bullfrogs
  6 scorpions
  11 wights
  Dowan (D:6)
  A howler monkey (D:8)
  An electric eel (D:10)
  A bombardier beetle (D:6)
  4 jellies
  3 orc priests
  A human zombie (Ossuary)
  A gnoll bouda (D:6)
  6 hounds
  3 iron imps (Gauntlet)
  4 iguanas
  4 scorpion zombies (Ossuary)
  17 orc wizards
  3 mummies (Ossuary)
  14 gnolls
  3 adders
  2 shadow imps (D:7)
  4 white imps
  3 adder zombies (Ossuary)
  2 ribbon worms (D:5)
  43 orcs
  15 ball pythons
  2 endoplasms
  2 giant cockroaches
  6 goblins
  6 hobgoblins
  20 kobolds
  5 quokkas
  2 frilled lizards (D:1)
  2 gnoll zombies (Ossuary)
  5 jackal zombies (Ossuary)
  2 kobold zombies (Ossuary)
  3 rats
273 creatures vanquished.

Vanquished Creatures (collateral kills)
  An iron imp (Gauntlet)
  A boulder (Gauntlet)
  4 foxfires (D:5)
6 creatures vanquished.

Vanquished Creatures (others)
  A ghost crab (Gauntlet)
  A moth of wrath (Gauntlet)
  A worldbinder (Gauntlet)
  6 wolves (Gauntlet)
  3 boggarts (Gauntlet)
  6 boulders (Gauntlet)
  1059 foxfires
  6 starspawn tentacles (Gauntlet)
1083 creatures vanquished.

Grand Total: 1362 creatures vanquished

Notes
Turn   | Place    | Note
-------+----------+-------------------------------------------
     0 | D:1      | cdecastro the Deep Elf Fire Elementalist began the quest
                  | for the Orb.
     0 | D:1      | Reached XP level 1. HP: 10/10 MP: 6/6
     2 | D:1      | Noticed an electric eel
   275 | D:1      | Reached XP level 2. HP: 10/15 MP: 0/8
   851 | D:1      | Reached XP level 3. HP: 19/19 MP: 6/9
  1336 | D:1      | Learned a level 2 spell: Scorch
  1340 | D:1      | Learned a level 3 spell: Inner Flame
  1412 | D:2      | Reached skill level 5 in Fire Magic
  1723 | D:2      | You fall into a shaft and drop 2 floors!
  2009 | D:3      | Reached XP level 4. HP: 24/24 MP: 1/10
  2473 | D:2      | Identified the +3 leather armour of Tikhlu Just {Regen+}
  2930 | D:3      | Found a faded altar of an unknown god.
  3548 | D:4      | Noticed a scorpion
  3554 | D:3      | Killed a scorpion
  3555 | D:3      | Reached XP level 5. HP: 28/28 MP: 2/11
  3844 | D:4      | Noticed an ogre
  3851 | D:4      | Killed an ogre
  3852 | D:4      | Reached XP level 6. HP: 32/32 MP: 3/12
  4114 | D:4      | Found a staircase to the Ecumenical Temple.
  4152 | Temple   | Entered the Ecumenical Temple
  4170 | Temple   | Became a worshipper of Lugonu the Unformed
  4417 | D:4      | Found a runed translucent door.
  4418 | D:4      | Noticed Crazy Yiuf
  4508 | D:4      | Found a stormy altar of Qazlal.
  4521 | D:4      | Reached skill level 5 in Spellcasting
  4521 | D:4      | Reached XP level 7. HP: 36/36 MP: 8/17
  4644 | D:5      | Entered Level 5 of the Dungeon
  4898 | D:4      | Learned a level 3 spell: Volatile Blastmotes
  4903 | D:4      | Learned a level 4 spell: Flame Wave
  5290 | D:5      | Reached * piety under Lugonu
  5291 | D:5      | Reached XP level 8. HP: 41/41 MP: 17/23
  5565 | D:5      | Found a runed translucent door.
  5565 | D:5      | Noticed AbbaRin's ghost (amateur DECj)
  5667 | D:6      | Noticed Menkaure
  5669 | D:6      | Killed Menkaure
  5812 | D:6      | Noticed Pikel
  5938 | D:6      | Reached skill level 10 in Spellcasting
  6302 | D:6      | Noticed Duvessa
  6302 | D:6      | Noticed Dowan
  6359 | D:6      | Killed Duvessa
  6364 | D:6      | Killed Dowan
  6484 | D:6      | Found a shimmering altar of Xom.
  6515 | D:6      | Found a shadowy altar of Dithmenos.
  6655 | D:6      | Noticed Maggie
  6801 | D:6      | Reached skill level 5 in Conjurations
  7144 | D:7      | Found a sand-covered staircase.
  7155 | Ossuary  | Entered an ossuary
  7354 | Ossuary  | Reached ** piety under Lugonu
  7589 | Ossuary  | Reached XP level 9. HP: 45/45 MP: 21/25
  8688 | D:7      | Reached skill level 10 in Conjurations
  8688 | D:7      | Reached skill level 1 in Fighting
  8731 | D:7      | Reached *** piety under Lugonu
  8786 | D:8      | Found a broken altar of Ashenzari.
  8991 | D:8      | Noticed Gastronok
  9081 | D:8      | Identified the +11 mace "Visont" {heavy, *Rage +Blink MP+9
                  | Str+8}
  9559 | D:8      | Identified the +2 spear of Light {flame, Dex+4}
  9600 | D:8      | Reached XP level 10. HP: 48/58 MP: 5/26
 10093 | D:8      | Noticed a two-headed ogre
 10242 | D:8      | Killed Gastronok
 10243 | D:8      | Reached skill level 5 in Fighting
 10487 | D:9      | Reached **** piety under Lugonu
 10597 | D:9      | Found an ornate altar of the Wu Jian Council.
 10607 | D:9      | Found a basalt altar of Yredelemnul.
 10615 | D:9      | Found a glowing golden altar of the Shining One.
 10619 | D:9      | Found an iron altar of Okawaru.
 10626 | D:9      | Found a shimmering blue altar of Sif Muna.
 10632 | D:9      | Found an opulent altar of Gozag.
 10643 | D:9      | Found an ancient bone altar of Kikubaaqudgha.
 10709 | D:9      | Noticed a deep elf pyromancer
 10713 | D:9      | Killed a deep elf pyromancer
 10793 | D:9      | Noticed a cyclops
 10969 | D:9      | Found a glowing silver altar of Zin.
 11697 | D:10     | Entered Level 10 of the Dungeon
 11835 | D:10     | Noticed a two-headed ogre
 11896 | D:10     | Noticed a two-headed ogre
 12069 | D:10     | Killed a two-headed ogre
 12070 | D:10     | Reached skill level 10 in Dodging
 12150 | D:10     | Found a staircase to the Orcish Mines.
 12193 | D:10     | Reached skill level 1 in Invocations
 12201 | D:10     | Reached XP level 11. HP: 59/63 MP: 23/27
 12229 | D:10     | Killed a two-headed ogre
 12373 | D:10     | Found a staircase to the Lair.
 12395 | D:10     | Noticed a two-headed ogre
 12400 | D:10     | Killed a two-headed ogre
 12401 | D:10     | Reached skill level 5 in Invocations
 13017 | D:11     | Noticed a two-headed ogre
 13026 | D:11     | Killed a two-headed ogre
 13037 | D:11     | Found a gate leading to a gauntlet.
 13045 | Gauntlet | Entered a Gauntlet
 13045 | Gauntlet | Found a transporter.
 13045 | Gauntlet | Found a transporter.
 13057 | Gauntlet | Found a transporter.
 13057 | Gauntlet | Found a transporter.
 13066 | Gauntlet | Found a transporter.
 13076 | Gauntlet | Noticed a tengu warrior
 13085 | Gauntlet | Found a transporter.
 13093 | Gauntlet | Found a transporter.
 13093 | Gauntlet | Noticed a ghost crab
 13095 | Gauntlet | Found a transporter.
 13095 | Gauntlet | Found a transporter.
 13099 | Gauntlet | Found a transporter.
 13106 | Gauntlet | Noticed a death drake
 13133 | Gauntlet | Found a transporter.
 13151 | Gauntlet | Found a transporter.
 13196 | Gauntlet | Found a transporter.
 13216 | Gauntlet | Found a transporter.
 13311 | Gauntlet | Found a transporter.
 13329 | Gauntlet | Found a transporter.
 13470 | Gauntlet | Corrupted Gauntlet
 13470 | Gauntlet | Noticed a glowing orange brain
 13470 | Gauntlet | Noticed a rakshasa
 13470 | Gauntlet | Noticed a tentacled starspawn
 13470 | Gauntlet | Noticed a starcursed mass
 13470 | Gauntlet | Noticed a tentacled starspawn
 13470 | Gauntlet | Noticed a starcursed mass
 13470 | Gauntlet | Noticed a tentacled starspawn
 13470 | Gauntlet | Noticed a tentacled starspawn
 13471 | Gauntlet | Noticed a green death
 13471 | Gauntlet | Noticed a thrashing horror
 13472 | Gauntlet | Noticed a starcursed mass
 13472 | Gauntlet | Killed a ghost crab
 13479 | Gauntlet | Noticed a thrashing horror
 13492 | Gauntlet | Noticed a tentacled starspawn
 13495 | Gauntlet | a shapeshifter changed into an entropy weaver
 13495 | Gauntlet | Noticed an entropy weaver (shapeshifter)
 13499 | Gauntlet | Noticed a thrashing horror
 13501 | Gauntlet | Noticed a starcursed mass
 13502 | Gauntlet | Noticed a brown very ugly thing
 13584 | Gauntlet | Identified the +1 hat of the Guild-Master {rCorr}
 13827 | Gauntlet | Learned a level 3 spell: Stone Arrow
 13832 | Gauntlet | Learned a level 4 spell: Brom's Barrelling Boulder
 13839 | Gauntlet | Learned a level 6 spell: Bombard
 14065 | Gauntlet | Identified the scarf "Hiublyepyth" {shadows, rF+}
 14096 | Gauntlet | Identified the ring "Biluonu" {rF- rN+ Str+4 SInv}
 14273 | Gauntlet | Noticed a minotaur
 14296 | Gauntlet | Hit by a javelin thrown by a minotaur

Illustrated notes

Levels and vault maps discovered:
D:1:      arrival_aquarium_a, layout_loops_ring, minmay_pentomino_p2
D:2:      layout_basic, minmay_fountain_box, minmay_shallow_snake_nest
D:3:      layout_basic, shapermc_ecumenical_altar_notcrosses,
          nicolae_kite_square_tiling_tiny
D:4:      layout_rooms, lemuel_tele_altar, temple_green, uniq_crazy_yiuf_cottage
D:5:      layout_basic, ebering_ghost_inner_flame, st_stairs_9,
          serial_bayou_lake_a
D:6:      layout_cave_pods, nicolae_overflow_crystal_walls,
          nicolae_overflow_hidden_temple, uniq_maggie, uniq_pikel, uniq_duvessa,
          uniq_menkaure
D:7:      layout_rooms, enter_ossuary_5
D:8:      layout_cave_pods, lemuel_crystal_altar, grunt_tough_drop,
          uniq_gastronok
D:9:      layout_basic, old_standard_altar, grunt_temple_overflow_octagram,
          enter_bailey_3
D:10:     layout_basic, erik_lair_island, david_orc_2
D:11:     layout_roguey, gauntlet_entry_generic, zin_purify
Temple:   kb_corrupted_temple
Gauntlet: gammafunk_gauntlet_branching [nicolae_gauntlet_arena_quarters,
          gammafunk_gauntlet_arena_hedges, nicolae_gauntlet_arena_grate_2,
          nicolae_gauntlet_swirl, gammafunk_gauntlet_arena_corners,
          gammafunk_gauntlet_arena_crates, gammafunk_gauntlet_arena_teeth,
          nicolae_gauntlet_arena_x, nicolae_gauntlet_exit_dead_adventurers]

Skill      XL: |  1  2  3  4  5  6  7  8  9 10 11 |
---------------+----------------------------------+-----
Fire Magic     | 4 5 6 7 8 |  8.4
Spellcasting   | 5 9 10 | 10.0
Conjurations   | 7 10 | 10.0
Fighting       | 4 5 |  5.0
Dodging        | 10 | 10.0
Invocations    | 1 9 |  9.6
Stealth        | |  2.4

Action                     |  1- 3 |  4- 6 |  7- 9 | 10-12 || total
---------------------------+-------+-------+-------+-------++-------
  Melee: Unarmed           |     7 |       |       |       ||     7
         Dagger            |       |       |     1 |       ||     1
         Mace              |       |       |       |     4 ||     4
   Cast: Foxfire           |    70 |    81 |   315 |   131 ||   597
         Scorch            |     6 |    12 |    77 |    90 ||   185
         Flame Wave        |       |       |     1 |     5 ||     6
         Volatile Blastmot |       |       |       |     3 ||     3
         Inner Flame       |       |       |       |     1 ||     1
         Stone Arrow       |       |       |       |    15 ||    15
         Brom's Barrelling |       |       |       |    12 ||    12
 Invoke: Banish            |       |       |       |     5 ||     5
         Corrupt           |       |       |       |     1 ||     1
    Use: Potion            |     1 |       |       |     3 ||     4
         Scroll            |       |       |     5 |     6 ||    11
 Armour: Robe              |     4 |       |       |       ||     4
         Leather armour    |    29 |     2 |    45 |    98 ||   174
  Dodge: Dodged            |    30 |     2 |    44 |   135 ||   211
